 Dungeon Crawl Stone Soup version 0.18.1-50-g88ac8fd (webtiles) character file.

38 Heatwave the Firebug (level 3, -1/19 HPs)
             Began as a Deep Elf Fire Elementalist on Oct 8, 2016.
             Slain by a gnoll
             ... wielding a +0 spear
              (8 damage)
             ... on level 2 of the Dungeon.
             The game lasted 00:07:26 (1314 turns).

Heatwave the Firebug (Deep Elf Fire Elementalist)   Turns: 1314, Time: 00:07:26

Health: -1/19      AC:  2    Str:  6    XL:     3   Next: 25%
Magic:  1/9        EV: 13    Int: 19    God:
Gold:   133        SH:  0    Dex: 15    Spells: 3 memorised, 1 level left

rFire  . . .     SeeInvis .     f - +0 dagger
rCold  . . .     Gourm    .     a - +0 robe
rNeg   . . .     Faith    .     (no shield)
rPois  .         Spirit   .     (no helmet)
rElec  .         Dismiss  .     (no cloak)
rCorr  .         Reflect  .     (no gloves)
SustAt .         Harm     .     (no boots)
MR     .....                    (no amulet)
Stlth  ++........               (no ring)
                                (no ring)

@: not resistant to hostile enchantments, unstealthy
A: no striking features
a: no special abilities


You were on level 2 of the Dungeon.
You were not hungry.

You visited 1 branch of the dungeon, and saw 2 of its levels.

You collected 133 gold pieces.

Inventory:

Hand Weapons
 f - a +0 dagger (weapon)
Armour
 a - a +0 robe (worn)
Scrolls
 d - a scroll of identify {unknown}
 e - a scroll of magic mapping {unknown}
 h - a scroll of enchant armour {unknown}
 i - a scroll of noise {unknown}
Potions
 g - a potion of degeneration {unknown}
Books
 b - a book of Flames

   Spells                             Type                      Level
   a - Flame Tongue                   Conjuration/Fire             1
   b - Throw Flame                    Conjuration/Fire             2
   c - Conjure Flame                  Conjuration/Fire             3
   d - Inner Flame                    Hexes/Fire                   3
   e - Sticky Flame                   Conjuration/Fire             4
   f - Fireball                       Conjuration/Fire             5
Comestibles
 c - 2 bread rations


   Skills:
 + Level 2.9 Dodging
 - Level 2.4 Stealth
 + Level 3.3 Spellcasting
 + Level 1.3 Conjurations
 * Level 4.2 Fire Magic


You had one spell level left.
You knew the following spells:

 Your Spells              Type           Power        Failure   Level  Hunger
a - Flame Tongue          Conj/Fire      ##...        6%          1    None
b - Conjure Flame         Conj/Fire      ##......     14%         3    ###....
c - Inner Flame           Hex/Fire       ##......     21%         3    ###....


Dungeon Overview and Level Annotations

Branches:
Dungeon (2/15)

Altars:


Message History

Casting: Conjure Flame
Confirm with . or Enter, or press ? or * to list all spells.
Aiming: Flame Tongue
Press: ? - help, Shift-Dir - straight line, f - gnoll
Aim: a gnoll, wielding a spear (inner flame)
The flame tongue hits the gnoll.
The gnoll is heavily wounded.
The gnoll hits you from afar with a spear!
A bat comes into view.
Casting: Flame Tongue
Confirm with . or Enter, or press ? or * to list all spells.
Aiming: Flame Tongue
Press: ? - help, Shift-Dir - straight line, f/p - gnoll
Aim: a gnoll, wielding a spear (heavily wounded, inner flame)
The flame tongue hits the gnoll.
The gnoll is almost dead.
The gnoll closely misses you.
Your magical contamination has completely faded away.
The gnoll hits you from afar with a spear!
You die...

#..........###.........#
#.............<........#
###.............[........#
.........................#
####.....................#
#......................##
###...†.......>......>...#
..........).......##.#####
................@.#..#
....................##
........##....g....##
........#####g...###
.....#.gg.....####
.......######## b......#
.......# #.##g###


You could see 2 gnolls.

Vanquished Creatures
  An adder (D:2)
  A worm (D:2)
  A dart slug (D:1)
  A giant gecko (D:1)
  A goblin (D:1)
  4 hobgoblins
  4 kobolds
  4 bats
  7 rats
24 creatures vanquished.

Notes
Turn   | Place    | Note
--------------------------------------------------------------
     0 | D:1      | Heatwave the Deep Elf Fire Elementalist began the quest for the Orb.
     0 | D:1      | Reached XP level 1. HP: 10/10 MP: 6/6
   322 | D:1      | Reached XP level 2. HP: 15/15 MP: 6/8
   807 | D:1      | Reached skill level 4 in Fire Magic
  1115 | D:2      | Reached XP level 3. HP: 14/19 MP: 4/9
  1281 | D:2      | Learned a level 3 spell: Conjure Flame
  1285 | D:2      | Learned a level 3 spell: Inner Flame
  1314 | D:2      | Slain by a gnoll

Skill      XL: |  1  2 |
---------------+-------+-----
Fire Magic     | 4 |  4.2
Dodging        | |  2.9
Stealth        | |  2.4
Spellcasting   | |  3.3
Conjurations   | |  1.3

Action                   || total
-------------------------++-------
Melee: Dagger            ||    31
       Unarmed           ||     1
 Cast: Flame Tongue      ||    32
       Conjure Flame     ||     1
       Inner Flame       ||     1
 Stab: Sleeping          ||     1
  Eat: Chunk             ||     1
Armor: Robe              ||     9
Dodge: Dodged            ||    37
